 Dungeon Crawl Stone Soup version 0.29-a0-25-g7f48f510a0 (webtiles) character file.

Game seed: 3347153439682934195

56 HallandMoats the Skirmisher (level 3, 17/24 HPs)
             Began as a Gargoyle Fighter on Feb 1, 2022.
             Was a Follower of Sif Muna.
             Got out of the dungeon alive.
             The game lasted 00:01:34 (1203 turns).

HallandMoats the Skirmisher (Gargoyle Fighter)      Turns: 1203, Time: 00:01:34

Health: 17/24      AC: 11    Str: 19    XL:     3   Next: 95%
Magic:  4/4        EV:  9    Int:  8    God:    Sif Muna [*.....]
Gold:   25         SH:  4    Dex: 11    Spells: 2/2 levels left

rFire   . . .      SeeInvis .   a - +0 morningstar
rCold   . . .      Faith    .   c - +0 buckler
rNeg    + . .      Spirit   .   b - +0 scale mail
rPois   ∞          Reflect  .   (no helmet)
rElec   +          Harm     .   (no cloak)
rCorr   .          Rampage  .   k - +0 pair of gloves
Will    .....                   (no boots)
Stlth   ..........              (no amulet)
HPRegen 0.08/turn               (no ring)
MPRegen 0.09/turn               (no ring)

@: no status effects
A: sickness immunity, AC +3, negative energy resistance 1, electricity
resistance, torment resistance 1, petrification resistance
a: Renounce Religion, Channel Magic


You escaped.
You worshipped Sif Muna.
Sif Muna was aware of your devotion.
You visited 1 branch of the dungeon, and saw 2 of its levels.

You collected 25 gold pieces.

Inventory:

Hand Weapons
 a - a +0 morningstar (weapon)
Armour
 b - a +0 scale mail (worn)
 c - a +0 buckler (worn)
 k - a +0 pair of gloves (worn)
Scrolls
 e - a scroll of amnesia {unknown}
 f - a scroll of enchant weapon {unknown}
 g - a scroll of teleportation {unknown}
 i - a scroll of acquirement {unknown}
 l - a scroll of silence {unknown}
Potions
 d - a potion of might
 h - a potion of haste {unknown}
 j - a potion of flight {unknown}


   Skills:
 * Level 3.8 Fighting
 * Level 2.4 Maces & Flails
 + Level 3.5 Armour
 + Level 0.5 Dodging
 + Level 3.5 Shields
 * Level 1.6 Invocations


You had 2 spell levels left.
You didn't know any spells.
Your spell library was empty.

Dungeon Overview and Level Annotations

Branches:
Dungeon (2/15)

Altars:
Sif Muna


Innate Abilities, Weirdness & Mutations

You are immune to sickness and miasma.
Your stone body is resilient. (AC +3)
You are immune to poison.
You resist negative energy. (rN+)
You are resistant to electric shocks. (rElec)
You are resistant to unholy torment.
You are immune to petrification.


Message History

You closely miss Jessica.
Jessica casts a spell.
Jessica blinks!
The quokka closely misses you. You block the quokka's attack.
You barely miss the quokka. You block the quokka's attack. x2
Jessica gestures wildly while chanting.
Jessica blinks!
The quokka closely misses you.
You miss the quokka. The quokka bites you. The quokka barely misses you.
You closely miss the quokka.
The quokka bites you but does no damage.
The quokka bites you. The quokka closely misses you.
You thump the quokka!
You kill the quokka!
You swing at nothing.
You start resting.
Jessica is nearby!
You sock Jessica!
You kill Jessica!
You start resting.
You feel yourself speed up.
Found a robe.
Things that are here:
a +0 club; a +0 robe
l - a scroll labelled BALAKHLU YPADOME
There is a faded altar of an unknown god here.
You cannot tell which god this altar belongs to.
Convert to them anyway?
Sif Muna accepts your prayer! Sif Muna welcomes you!
You can now call upon Sif Muna for magical energy.
(D) Dungeon
Where to? (Enter - D:2, ? - help)
What level of the Dungeon? (default 1, ? - help)
There is an open door here.
There is a stone staircase leading up here.
You climb upwards.
There is a stone staircase leading down here.
You see here 21 bolts.
You see here 24 arrows.
There is a staircase leading out of the dungeon here.
Are you sure you want to leave the Dungeon?
This will make you lose the game!
You have escaped!

#.# #.#........#
#####....# ###.#
#.##########
#......... ...[# #.#
##.###....# ##### #.#
###...###.### #.#
#.....# #.# #.# ###
#.#...# #.# ##.# #.#
#.##### #.# #(.# #>#
#.# #.#
#.#####@####.#######.#
####
#.##.##.##...........#
...#
#.##.##.####.#########
...# #.##....# ##.##
...#######.##.####
#...#########
.........#.##.#
#.#.........#
...#####.#.##.#
#...#######.#
.........#.##.# #####
#.# ...####..#....#
#.#


There were no monsters in sight!

Vanquished Creatures
  Jessica (D:2)
  An adder (D:2)
  2 bats
  An endoplasm (D:2)
  3 hobgoblins
  3 jackals (D:1)
  A quokka (D:2)
  4 ball pythons
  4 frilled lizards (D:1)
  A rat (D:1)
21 creatures vanquished.

Notes
Turn   | Place    | Note
-------+----------+-------------------------------------------
     0 | D:1      | HallandMoats the Gargoyle Fighter began the quest for the
                  | Orb.
     0 | D:1      | Reached XP level 1. HP: 14/14 MP: 1/1
   437 | D:1      | Reached XP level 2. HP: 19/19 MP: 2/2
   524 | D:1      | Reached skill level 1 in Invocations
   955 | D:2      | Reached XP level 3. HP: 23/23 MP: 3/3
  1088 | D:2      | Found a faded altar of an unknown god.
  1089 | D:2      | Noticed Jessica
  1104 | D:2      | Killed Jessica
  1115 | D:2      | Prayed at the altar of an unknown god.
  1115 | D:2      | Became a worshipper of Sif Muna the Loreminder
  1115 | D:2      | Reached * piety under Sif Muna
  1203 | D:$      | Got out of the dungeon alive.

Illustrated notes

Levels and vault maps discovered:
D:1:      dpeg_arrival_tiny_j, layout_loops_ring
D:2:      layout_loops_ring, shapermc_ecumenical_altar_notcrosses,
          kennysheep_generic_room_4, uniq_terence, uniq_jessica

Skill      XL: |  1  2 |
---------------+-------+-----
Invocations    | 1 |  1.6
Fighting       | |  3.8
Maces & Flails | |  2.4
Armour         | |  3.5
Dodging        | |  0.5
Shields        | |  3.5

Action                   || total
-------------------------++-------
Melee: Flail             ||    56
       Morningstar       ||    11
Armor: Scale mail        ||    47
Dodge: Dodged            ||    46
Block: Buckler           ||    16

Table legend: (Time is in decaauts)
 A = Elapsed time spent in this place.
 B = Non-inter-level travel time spent in this place.
 C = Inter-level travel time spent in this place.
 D = Time resting spent in this place.
 E = Time spent auto-exploring this place.
 F = Levels seen in this place.
 G = Mean time per level.
                   A        B        C        D        E       F      G
               +--------+--------+--------+--------+--------+-----+--------+
         Total |   1238 |   1037 |    201 |      8 |    844 |   2 |  619.0 |
       Dungeon |   1238 |   1037 |    201 |      8 |    844 |   2 |  619.0 |
               +--------+--------+--------+--------+--------+-----+--------+

Top non-repeatable levels by time:
     D:1: 997 daAuts
     D:2: 241 daAuts
